 Dungeon Crawl Stone Soup version 0.26-a0-264-g3a47132 (webtiles) character file.

Game seed: 10740624902132259750

934 Ayyar the Skirmisher (level 8, -3/61 HPs)
             Began as a Formicid Abyssal Knight on July 12, 2020.
             Was a Believer of Lugonu.
             Slain by a hound (4 damage)
             ... on level 5 of the Dungeon.
             The game lasted 00:18:08 (4883 turns).

Ayyar the Skirmisher (Formicid Abyssal Knight)      Turns: 4883, Time: 00:18:08

Health: -3/61      AC:  9    Str: 20    XL:     8   Next: 33%
Magic:  11/11      EV:  8    Int: 11    God:    Lugonu [**....]
Gold:   207        SH:  6    Dex: 10    Spells: 7/7 levels left

rFire    . . .     SeeInvis +   a - +1 spear
rCold    . . .     Faith    .   n - +2 buckler
rNeg     . . .     Spirit   .   g - +0 chain mail
rPois    .         Reflect  .   (helmet unavailable)
rElec    .         Harm     .   (no cloak)
rCorr    .                      (no gloves)
MR       .....                  (no boots)
Stlth    ..........             (no amulet)
HPRegen  0.20/turn              (no ring)
MPRegen  0.12/turn              (no ring)

@: no status effects
A: permanent stasis, dig shafts and tunnels, four strong arms, antennae 3
a: Dig, Shaft Self, Depart the Abyss, Bend Space, Renounce Religion


You were on level 5 of the Dungeon.
You worshipped Lugonu.
Lugonu was pleased with you.
You were not hungry.

You visited 1 branch of the dungeon, and saw 5 of its levels.
You visited the Abyss 1 time.

You collected 207 gold pieces.

Inventory:

Hand Weapons
 a - a +1 spear (weapon)
Missiles
 l - 10 poisoned darts (quivered)
Armour
 g - a +0 chain mail (worn)
 n - a +2 buckler (worn)
Magical Staves
 y - an uncursed staff of energy {unknown}
Jewellery
 p - the brooch of Shielding {Spirit SH+8}
   (You found it on level 1 of the Dungeon)

   [amulet of guardian spirit]

   It causes incoming damage to be split between your health and magic.
   It affects your SH (+8).
 C - an uncursed ring of magical power {unknown}
Wands
 e - a wand of flame (16)
 s - a wand of random effects (13)
 z - a wand of enslavement (10)
Scrolls
 b - a scroll of amnesia {unknown}
 m - 5 scrolls of blinking {unknown}
 o - a scroll of random uselessness {unknown}
 r - a scroll of immolation {unknown}
 t - 4 scrolls of enchant weapon {unknown}
 u - 2 scrolls of remove curse {unknown}
 v - a scroll of fog {unknown}
 x - 4 scrolls of identify {unknown}
 B - a scroll of enchant armour {unknown}
Potions
 d - a potion of brilliance {unknown}
 f - a potion of lignification
 h - 2 potions of flight
 i - a potion of cancellation
 j - a potion of resistance {unknown}
 k - a potion of magic {unknown}
 q - a potion of mutation {unknown}
 w - a potion of haste {unknown}
 A - a potion of might {unknown}
Comestibles
 c - 10 rations


   Skills:
 + Level 4.8 Fighting
 + Level 3.8 Polearms
 * Level 3.9 Throwing
 + Level 4.2 Armour
 + Level 3.0 Dodging
 + Level 3.0 Shields
 + Level 4.4 Invocations


You had 7 spell levels left.
You didn't know any spells.
Your spell library was empty.

Dungeon Overview and Level Annotations

Branches:
Dungeon (5/15)
 Temple: D:4-7

Altars:
Ashenzari
Dithmenos
Okawaru
Xom
The Shining One


Innate Abilities, Weirdness & Mutations

You cannot be hasted, slowed, berserked, paralysed or teleported.
You can dig through walls and to a lower floor.
Your four strong arms can wield two-handed weapons with a shield.
You have a pair of large antennae on your head. (SInv)


Message History

The hound bites you.
* * * LOW HITPOINT WARNING * * *
You hit the hound but do no damage.
The hound is moderately wounded.
The hound bites you but does no damage. The hound bites you.
* * * LOW HITPOINT WARNING * * *
You hit the hound but do no damage.
The hound is moderately wounded.
The hound bites you but does no damage.
It was a potion of cancellation.
Your magical effects are unravelling.
You feel magically purged.
You feel less wooden.
Your +0 chain mail unmelds from your body.
You are no longer corroded.
The hound bites you but does no damage.
You hit the hound but do no damage.
The hound is moderately wounded.
The hound bites you but does no damage. The hound bites you.
You die...

.... #)..# ....
#...##
......####....###.#
........>.....h...#
...... #.)..#
......####.##........
...........####....##
######.#h## .##.#
##.#@# # # #..#.#
#######.##..
#.......###.#
#>......# .#
#.......# .#
#.......###.#.
#.....)........
#.....(.###.#.#


You could see a hound.

Vanquished Creatures
  Duvessa (D:4)
  An orc warrior (D:3)
  A centaur (D:5)
  A scorpion (D:4)
  Dowan (D:4)
  A water moccasin skeleton (D:4)
  A centaur zombie (D:5)
  4 bullfrog skeletons
  A centaur skeleton (D:4)
  A hound (D:5)
  A jelly (D:5)
  Ijyb (D:2)
  2 orc wizards
  3 worker ants
  A howler monkey skeleton (D:4)
  2 adders (D:2)
  A white imp (D:5)
  2 oozes
  2 worms (D:3)
  A dart slug (D:2)
  8 orcs
  6 bats
  2 giant cockroaches
  11 goblins
  3 hobgoblins (D:1)
  10 jackals
  5 kobolds
  A quokka (D:2)
  A ball python (D:2)
  2 frilled lizards (D:2)
  6 rats
84 creatures vanquished.

Notes
Turn   | Place    | Note
-------+----------+-------------------------------------------
     0 | Abyss:1  | Ayyar the Formicid Abyssal Knight began the quest for the
                  | Orb.
     0 | Abyss:1  | Reached XP level 1. HP: 18/18 MP: 2/2
    73 | Abyss:2  | Noticed a chaos spawn
    75 | D:1      | Escaped the Abyss
   169 | D:1      | Reached skill level 1 in Dodging
   309 | D:1      | Reached XP level 2. HP: 23/24 MP: 3/3
   399 | D:1      | Reached * piety under Lugonu
   728 | D:1      | Found the brooch of Shielding {Spirit SH+8}
   875 | D:2      | Reached XP level 3. HP: 27/29 MP: 4/4
   894 | D:2      | Found an iron altar of Okawaru.
   958 | D:2      | Noticed Ijyb
   981 | D:2      | Killed Ijyb
   981 | D:2      | Reached XP level 4. HP: 26/37 MP: 4/6
  1409 | D:2      | Found a shadowy altar of Dithmenos.
  1907 | D:3      | Noticed an orc warrior
  1916 | D:3      | Killed an orc warrior
  1916 | D:3      | Reached skill level 1 in Throwing
  1916 | D:3      | Reached skill level 1 in Shields
  1916 | D:3      | Reached XP level 5. HP: 30/42 MP: 7/7
  1925 | D:3      | Reached XP level 6. HP: 33/48 MP: 8/8
  2037 | D:3      | Found a glowing golden altar of the Shining One.
  2204 | D:3      | Found a shimmering altar of Xom.
  2237 | D:3      | Reached ** piety under Lugonu
  3005 | D:4      | Reached XP level 7. HP: 51/54 MP: 9/9
  4047 | D:4      | Noticed Dowan
  4056 | D:4      | Killed Dowan
  4056 | D:4      | Noticed Duvessa
  4081 | D:4      | HP: 2/55 [Duvessa/+0 short sword (9)]
  4103 | D:4      | Killed Duvessa
  4415 | D:5      | Entered Level 5 of the Dungeon
  4432 | D:5      | Found a shattered altar of Ashenzari.
  4476 | D:5      | Reached XP level 8. HP: 58/61 MP: 11/11
  4877 | D:5      | HP: 4/91 [hound (3)]
  4880 | D:5      | HP: 1/91 [hound (2)]
  4883 | D:5      | Slain by a hound

Illustrated notes

Levels and vault maps discovered:
D:1:      dpeg_arrival_round_c, layout_loops_ring, nrook_loot_triangle,
          minivault_5
D:2:      kennysheep_the_goblin_king, layout_basic, grunt_dithmenos_smoke,
          okawaru_ov_weapons_minmay
D:3:      layout_basic, lemuel_crystal_altar, xom_teletrap_fun
D:4:      layout_basic, minmay_misc_feat_tower, uniq_duvessa
D:5:      layout_rooms, ashenzari_conservatory_becter, lemuel_doored_altar,
          serial_shops, kennysheep_mini, first_ration, uniq_prince_ribbit1,
          uniq_ijyb, uniq_pikel

Skill      XL: |  1  2  3  4  5  6  7  8 |
---------------+-------------------------+-----
Dodging        | 1 2 3 |  3.0
Invocations    | 3 4 |  4.4
Armour         | 3 4 |  4.2
Fighting       | 4 |  4.8
Throwing       | 1 2 3 |  3.9
Shields        | 1 2 3 |  3.0
Polearms       | 3 |  3.8

Action                   |  1- 3 |  4- 6 |  7- 9 || total
-------------------------+-------+-------+-------++-------
Melee: Spear             |    70 |   206 |   225 ||   501
Throw: Dart              |     2 |     5 |    10 ||    17
Invok: Depart the Abyss  |     1 |       |       ||     1
  Use: Scroll            |     1 |       |       ||     1
       Potion            |       |     2 |     4 ||     6
  Eat: Ration            |       |     2 |     2 ||     4
Armor: Leather armour    |     5 |       |       ||     5
       Chain mail        |    10 |    82 |    66 ||   158
       Skin              |       |       |    12 ||    12
Dodge: Dodged            |    19 |    53 |    55 ||   127
Block: Buckler           |       |    33 |    55 ||    88

Table legend:
 A = Non-vault XP
 B = Vault XP
 C = Vault XP percentage of total XP
 D = Non-vault monster count
 E = Vault monster count
 F = Vault count percentage of total count
                 A         B        C        D         E       F
            +---------+---------+-------+---------+---------+-------
      Total |    1065 |     270 |  20.2 |      75 |       9 |  10.7
            +---------+---------+-------+---------+---------+-------
        D:1 |      20 |       0 |   0.0 |      10 |       0 |   0.0
        D:2 |      55 |      50 |  47.6 |      21 |       7 |  25.0
        D:3 |     213 |       0 |   0.0 |      19 |       0 |   0.0
        D:4 |     436 |     220 |  33.5 |      13 |       2 |  13.3
        D:5 |     341 |       0 |   0.0 |      12 |       0 |   0.0
            +---------+---------+-------+---------+---------+-------
